 Dungeon Crawl Stone Soup version 0.30-a0-1043-g60ff8d5f49 (webtiles) character file.

Game seed: 8676900339426900364

879 cheesebisquit the Fighter (level 7, 0/69 HPs)
             Began as a Pale Draconian Fire Elementalist on Apr 10, 2023.
             Slain by a killer bee (8 damage)
             ... on level 5 of the Dungeon.
             The game lasted 00:22:26 (6739 turns).

cheesebisquit the Fighter (DrFE)                    Turns: 6739, Time: 00:22:27

Health: 0/69       AC: 10    Str: 11    XL:     7   Next: 75%
Magic:  7/11       EV: 12    Int: 17    God:
Gold:   267        SH:  0    Dex: 11    Spells: 3/12 levels left

rFire   . . .      SeeInvis .    d - +2 flail (venom)
rCold   . . .      Faith    .    (no shield)
rNeg    . . .      Spirit   .    (body armour unavailable)
rPois   .          Reflect  .    (helmet restricted)
rElec   .          Rampage  .    (no cloak)
rCorr   .                        v - +2 pair of gloves
Will    ++...                    n - +0 pair of boots
Stlth   ++                       (no amulet)
HPRegen 0.31/turn                q - ring of willpower
MPRegen 0.12/turn                x - ring of willpower

@: lethally poisoned (0 -> -5), marked, very slightly contaminated
A: breathe steam, AC +6, unfitting armour, cold-blooded, steam resistance
a: Breathe Steam


You were on level 5 of the Dungeon.
You visited 1 branch of the dungeon, and saw 6 of its levels.

You collected 267 gold pieces.

Inventory:

Hand Weapons
 d - a +2 flail of venom (weapon)
 h - a +2 antimagic dagger
Missiles
 o - 4 boomerangs of dispersal
 u - 12 poisoned darts
Armour
 n - a +0 pair of boots (worn)
 v - a +2 pair of gloves (worn)
Jewellery
 q - a ring of willpower (left hand)
 x - a ring of willpower (right hand)
Wands
 g - a wand of light (15)
Scrolls
 b - 3 scrolls of teleportation
 c - 4 scrolls of identify {unknown}
 e - a scroll of poison {unknown}
 j - 2 scrolls of noise {unknown}
 k - 2 scrolls of amnesia {unknown}
 l - 2 scrolls of magic mapping {unknown}
 p - a scroll of fear {unknown}
 t - a scroll of enchant armour {unknown}
Potions
 f - a potion of invisibility {unknown}
 i - a potion of ambrosia {unknown}
 m - 3 potions of flight
 w - a potion of brilliance {unknown}


   Skills:
 + Level 8.8 Fighting
 - Level 1.7 Dodging
 - Level 1.7 Stealth
 + Level 3.0 Spellcasting
 - Level 1.0 Conjurations
 + Level 4.2 Fire Magic


You had 3 spell levels left.
You knew the following spells:

 Your Spells              Type           Power      Damage    Failure   Level
a - Foxfire               Conj/Fire      44%        2x1d6     6%          1
b - Inner Flame           Hex/Fire       9%         N/A       22%         3
c - Volatile Blastmotes   Fire/Tloc      18%        2d11      22%         3
z - Scorch                Fire           34%        2d6       4%          2

Your spell library contained the following spells:

 Spells                   Type           Power      Damage    Failure   Level
 Static Discharge         Conj/Air       8%         2-3/arc   22%         2
 Ensorcelled Hibernation  Hex/Ice        4%         N/A       26%         2
 Passwall                 Tmut/Erth      1%         N/A       26%         2
 Swiftness                Air            2%         N/A       45%         3
 Flame Wave               Conj/Fire      11%        2d6       52%         4
 Airstrike                Air            1%         2d(1-17)  86%         4
 Summon Lightning Spire   Summ/Air       2%         N/A       86%         4


Dungeon Overview and Level Annotations

Branches:
Dungeon (6/15)
 Temple: D:4-7

Altars:
Cheibriados
Makhleb
Uskayaw
The Shining One

Annotations:
D:2 1 runed translucent door, Crazy Yiuf


Innate Abilities, Weirdness & Mutations

You can breathe blasts of scalding, opaque steam.
Your pale cyan-grey scales are hard. (AC +6)
You cannot fit into any form of body armour.
You are cold-blooded and may be slowed by cold attacks.
You are immune to the effects of steam.


Message History

Casting: Foxfire (safe; 6% risk of failure)
Press: ? - help, Q - select action, (/) - cycle Dir - look around, f - activate
Okay, then.
Magic courses through your body. The killer bee closely misses you. x2
The killer bee barely misses you. The killer bee closely misses you.
The killer bee barely misses you.
The killer bee stings you but does no damage.
Casting: Foxfire (safe; 6% risk of failure)
Press: ? - help, Q - select action, (/) - cycle Dir - look around, f - activate You conjure some foxfire!
The killer bee closely misses you. x2
The killer bee stings you but does no damage.
The killer bee stings you.
* * * LOW HITPOINT WARNING * * *
The killer bee stings you.
* * * LOW HITPOINT WARNING * * *
You are poisoned.
The killer bee poisons you!
The killer bee stings you but does no damage.
Okay, then.
Casting: Foxfire (safe; 6% risk of failure)
Confirm with . or Enter, or press ? or * to list all spells.
You miscast Scorch.
You are very lightly contaminated with residual magic.
Nothing appears to happen.
You feel very sick.
The foxfire hits the killer bee but does no damage.
The killer bee is lightly wounded.
The foxfire hits the killer bee.
The killer bee is heavily wounded.
The killer bee closely misses you.
The killer bee stings you but does no damage. x4
The killer bee stings you.
* * * LOW HITPOINT WARNING * * *
You are too injured to fight recklessly!
Casting: Foxfire (safe; 6% risk of failure)
Press: ? - help, Q - select action, (/) - cycle Dir - look around, f - activate You conjure some foxfire!
You feel sick. The killer bee stings you!
You die...

############ #######
#..........# #......
#..........# #......
#..........# #......
#..........# #......
##...###..########....#
##...####[..#...##....#
#....yv#...#...........
#....y@#...#...........
#....yv#...#<..........
#......#...#...........
##....####.#######.....
####'########...##...##
#...............##...##
#................#.....
#................#....)
#................#.....


You could see 3 killer bees.

Vanquished Creatures
  Menkaure (D:4)
  3 phantoms (D:5)
  Blork the orc (D:4)
  A killer bee (D:6)
  A jelly (D:6)
  A hound (D:5)
  3 iguanas (D:4)
  Robin (D:4)
  4 gnolls (D:3)
  7 adders
  2 white imps
  2 ufetubi (D:4)
  2 worms (D:3)
  4 dart slugs
  20 orcs
  8 bats
  8 endoplasms
  4 giant cockroaches
  19 goblins
  6 hobgoblins
  4 jackals
  4 quokkas
  6 ball pythons
  5 frilled lizards
  7 kobolds
  6 rats
130 creatures vanquished.

Vanquished Creatures (others)
  376 foxfires
376 creatures vanquished.

Grand Total: 506 creatures vanquished

Notes
Turn   | Place    | Note
-------+----------+-------------------------------------------
     0 | D:1      | cheesebisquit the Draconian Fire Elementalist began the
                  | quest for the Orb.
     0 | D:1      | Reached XP level 1. HP: 14/14 MP: 3/3
    89 | D:1      | Reached skill level 1 in Fighting
   252 | D:1      | Reached XP level 2. HP: 24/24 MP: 3/5
   332 | D:1      | Reached skill level 2 in Fighting
   725 | D:1      | Found a faded altar of an unknown god.
   817 | D:1      | You fall into a shaft and drop 1 floor!
   871 | D:2      | Reached skill level 3 in Fighting
   920 | D:2      | Reached XP level 3. HP: 31/31 MP: 0/6
  1558 | D:2      | Reached skill level 4 in Fighting
  1650 | D:2      | Found a runed translucent door.
  1651 | D:2      | Noticed Crazy Yiuf
  1947 | D:3      | Reached XP level 4. HP: 40/40 MP: 1/7
  2053 | D:3      | Found a glowing golden altar of the Shining One.
  2447 | D:3      | Found a snail-covered altar of Cheibriados.
  2648 | D:3      | HP: 1/41 [poisoned by a gnoll]
  3085 | D:3      | Reached skill level 5 in Fighting
  3308 | D:4      | Noticed Blork the orc
  3359 | D:3      | Reached XP level 5. HP: 20/48 MP: 1/8
  3583 | D:4      | Killed Blork the orc
  3584 | D:4      | Reached skill level 6 in Fighting
  3867 | D:3      | Found a snail-covered altar of Cheibriados.
  4099 | D:3      | Found a glowing golden altar of the Shining One.
  4391 | D:4      | Noticed Robin
  4406 | D:4      | Killed Robin
  4448 | D:4      | Noticed Menkaure
  4462 | D:4      | Killed Menkaure
  4463 | D:4      | Reached skill level 7 in Fighting
  4463 | D:4      | Reached XP level 6. HP: 17/60 MP: 4/9
  4719 | D:4      | Found a hide-covered altar of Uskayaw.
  4721 | D:4      | Found a burning altar of Makhleb.
  5139 | D:5      | Entered Level 5 of the Dungeon
  5245 | D:4      | Found a burning altar of Makhleb.
  5245 | D:4      | Found a hide-covered altar of Uskayaw.
  5658 | D:5      | Reached skill level 8 in Fighting
  5658 | D:5      | Your scales start taking on a pale cyan-grey colour.
  5658 | D:5      | Reached XP level 7. HP: 62/68 MP: 2/10
  5658 | D:5      | Gained mutation: You are immune to the effects of steam.
                  | [Pale Draconian growth]
  5667 | D:5      | Learned a level 2 spell: Scorch
  5671 | D:5      | Learned a level 3 spell: Inner Flame
  5675 | D:5      | Learned a level 3 spell: Volatile Blastmotes
  6739 | D:5      | Slain by a killer bee

Illustrated notes

Levels and vault maps discovered:
D:1:      scummos_arrival_forest, layout_rooms, chequers_ecumenical_altar_grove,
          hangedman_abyss_or_decor_lesser_grid, minmay_liquid_box,
          minmay_surrounded
D:2:      layout_basic, minmay_tetromino_t4, uniq_crazy_yiuf_cottage
D:3:      layout_basic, nicolae_overflow_crystal_walls,
          mainiacjoe_overflow_concentric_impassable, minmay_misc_feat_doors
D:4:      layout_rooms, jmf_multi_god_temple, uniq_blork_the_orc, uniq_menkaure,
          uniq_robin
D:5:      layout_gridville, bh_walls_and_bars
D:6:      layout_cave_pools, yredelemnul_forgotten_temple_becter, minivault_5

Skill      XL: |  1  2  3  4  5  6  7 |
---------------+----------------------+-----
Fighting       | 1 3 4 5 7 8 |  8.8
Fire Magic     | 4 |  4.2
Spellcasting   | 3 |  3.0
Dodging        | |  1.7
Stealth        | |  1.7
Conjurations   | |  1.0

Action                     |  1- 3 |  4- 6 |  7- 9 || total
---------------------------+-------+-------+-------++-------
  Melee: Unarmed           |    22 |       |       ||    22
         Tailslap          |     7 |    11 |     3 ||    21
         Dagger            |    16 |    38 |       ||    54
         Punch             |     2 |     1 |       ||     3
         Flail             |       |    41 |    15 ||    56
   Cast: Foxfire           |    65 |   116 |    35 ||   216
         Scorch            |       |       |    13 ||    13
    Use: Potion            |       |     5 |     7 ||    12
         Scroll            |       |     1 |       ||     1
 Armour: Skin              |    16 |    49 |    45 ||   110
  Dodge: Dodged            |    46 |   115 |    76 ||   237

Table legend: (Time is in decaauts)
 A = Elapsed time spent in this place.
 B = Non-inter-level travel time spent in this place.
 C = Inter-level travel time spent in this place.
 D = Time resting spent in this place.
 E = Time spent auto-exploring this place.
 F = Levels seen in this place.
 G = Mean time per level.
                   A        B        C        D        E       F      G
               +--------+--------+--------+--------+--------+-----+--------+
         Total |   6744 |   6260 |    484 |    100 |   5053 |   6 | 1124.0 |
       Dungeon |   6744 |   6260 |    484 |    100 |   5053 |   6 | 1124.0 |
               +--------+--------+--------+--------+--------+-----+--------+

Top non-repeatable levels by time:
     D:3: 1760 daAuts
     D:4: 1666 daAuts
     D:2: 1385 daAuts
     D:5: 935 daAuts
     D:1: 818 daAuts
     D:6: 178 daAuts
